Map: [ESL] Hecate

Players

Jieshi - Winner!

  • Race: Protoss Protoss
  • Spawn Location: 7:00

Firefly

  • Race: Protoss Protoss
  • Spawn Location: 1:00

Event: ESL SC2 Masters 2023 Winter (Regional)

VOD

Have the link to the VOD?

Description

Time

  • Played on: Nov. 2, 2023, 7:54 a.m.
  • Length: 8:55

All games in this series

Show
View Real Time Build Order
Export as new Build Order

Jieshi Protoss - Winner!

Build Orders:  

Get SALT Encoding   

  12  0:00  Probe  
  13  0:12  Probe  
  14  0:17  Pylon  
  14  0:24  Probe (Chrono Boost)  
  15  0:37  Probe (Chrono Boost)  
  15  0:38  Gateway  
  16  0:44  Probe (Chrono Boost)  
  16  0:47  Assimilator  
  17  0:51  Probe  
  17  0:56  Assimilator  
  18  1:03  Probe (Chrono Boost)  
  19  1:07  Gateway  
  19  1:12  Probe (Chrono Boost)  
  19  1:17  Probe (Chrono Boost)  
  20  1:25  Cybernetics Core  
  21  1:29  Probe  
  22  1:34  Pylon  
  22  1:41  Probe  
  23  1:53  Probe  
  24  2:02  Adept x2, Warp Gate  
  28  2:10  Pylon  
  28  2:20  Robotics Facility  
  28  2:32  Stalker x2  
  32  2:46  Gateway  
  31  3:00  Shield Battery  
  31  3:07  Immortal (Chrono Boost)  
  31  3:08  Sentry  
  37  3:18  Pylon  
  37  3:33  Shield Battery  
  37  3:37  Warp Prism (Chrono Boost)  
  39  3:51  Stalker x2  
  39  3:54  Stalker  
  43  4:15  Stalker x2  
  47  4:17  Pylon  
  47  4:35  Observer  
  47  4:37  Stalker  
  47  4:38  Stalker  
  52  4:41  Stalker  
  54  4:54  Pylon  
  54  4:55  Probe  
  53  5:15  Sentry, Stalker x2  
  53  5:16  Probe (Chrono Boost)  
  60  5:27  Probe (Chrono Boost)  
  59  5:31  Probe (Chrono Boost)  
  59  5:32  Observer  
  60  5:43  Probe  
  60  5:49  Stalker  
  63  5:54  Pylon  
  63  6:05  Stargate  
  63  6:06  Twilight Council  
  63  6:12  Probe  
  62  6:25  Nexus  
  62  6:26  Probe  
  63  6:38  Probe  
  64  6:43  Shield Battery  
  64  6:46  Blink (Chrono Boost)  
  64  6:55  Stalker  
  64  6:58  Stalker  
  68  7:01  Probe  
  69  7:13  Probe  
  62  7:24  Observer  
  62  7:25  Probe  
  62  7:28  Stalker x3  
  63  7:38  Shield Battery  
  63  7:39  Probe (Chrono Boost)  
  63  7:43  Probe (Chrono Boost)  
  65  7:51  Probe (Chrono Boost)  
  66  7:54  Probe (Chrono Boost)  
  66  7:57  Probe (Chrono Boost)  
  68  7:59  Probe (Chrono Boost)  
  68  8:03  Sentry  
  68  8:04  Stalker  
  68  8:05  Probe  
  71  8:13  Stalker  
  71  8:18  Pylon  
  75  8:28  Stalker  
  75  8:42  Zealot, Stalker  
Show
View Real Time Build Order
Export as new Build Order

Firefly Protoss 

Build Orders: Oracle Opening 

Get SALT Encoding   

  12  0:00  Probe  
  13  0:12  Probe  
  14  0:17  Pylon  
  14  0:24  Probe  
  15  0:35  Gateway  
  15  0:36  Probe (Chrono Boost)  
  16  0:46  Probe (Chrono Boost)  
  16  0:49  Assimilator  
  17  0:51  Probe (Chrono Boost)  
  17  0:54  Assimilator  
  18  1:03  Probe (Chrono Boost)  
  19  1:06  Gateway  
  19  1:13  Probe (Chrono Boost)  
  20  1:18  Probe (Chrono Boost)  
  20  1:23  Cybernetics Core  
  21  1:29  Probe  
  22  1:35  Pylon  
  22  1:42  Probe  
  23  1:55  Probe  
  23  2:00  Adept x2  
  28  2:02  Warp Gate  
  28  2:17  Stargate  
  28  2:23  Pylon  
  28  2:28  Pylon  
  28  2:37  Adept  
  30  2:41  Adept  
  32  2:59  Oracle (Chrono Boost)  
  35  3:09  Nexus  
  35  3:15  Shield Battery  
  35  3:17  Probe  
  36  3:26  Oracle (Chrono Boost)  
  39  3:39  Shield Battery  
  38  3:45  Gateway  
  36  3:55  Stalker  
  36  4:02  Stalker  
  35  4:18  Robotics Facility  
  35  4:26  Pylon  
  35  4:34  Stalker x2  
  39  4:42  Pylon  
  39  4:44  Phoenix  
  39  4:45  Pylon  
  41  5:09  Phoenix  
  43  5:17  Immortal (Chrono Boost)  
  47  5:21  Shield Battery  
  47  5:38  Sentry, Zealot  
  51  5:49  Immortal (Chrono Boost)  
  55  5:58  Pylon  
  55  6:19  Phoenix  
  55  6:25  Adept  
  59  6:33  Warp Prism (Chrono Boost)  
  61  6:46  Phoenix  
  57  7:19  Warp Prism  
  51  7:38  Nexus  
  51  7:39  Probe (Chrono Boost)  
  52  7:51  Probe (Chrono Boost)  
  53  7:56  Probe (Chrono Boost)  
  54  8:06  Probe  
  55  8:15  Immortal  
  55  8:18  Probe  
  60  8:24  Pylon  
  60  8:30  Probe  
  61  8:42  Probe  
Tags
 
Add a new tag
Caveats
  • Supply blocks, unpowered buildings, or Contaminate may cause inaccurate times.
  • Supply counts are checked every 10 seconds.